Unix NetHack Version 5.0.0-0 post-release - last build May  4 2026 22:22:43 (774f63e81ad911689b3a0859ea89b322d5daca8d,branch:main).

Game began 2026-05-07 04:05:01, ended 2026-05-07 04:46:46.

01245990302, neutral male gnomish Healer

                              ---
                 ---- -..----..@|
                 |..- ........d.|
               .--<.....---.-...-
               ...>......|   e
               ...........
                      ....     G
                       .|.

01245990302 the Empiric      St:8 Dx:9 Co:17 In:9 Wi:16 Ch:17  Neutral
Dlvl:4  $:1567 HP:0(32) Pw:24(24) AC:8  Xp:3 T:1559 

Latest messages:
 You hit the dwarf zombie.
 You hear rumbling in the distance.
 The dwarf zombie hits!
 You destroy the dwarf zombie!
 You see here a dwarf corpse.
 There is a dwarf corpse here; eat it? [ynq] (n) y
 You feel sick.
 You finish eating the dwarf corpse.
 There is a staircase down here.
 You see here a white gem.
 B - a white gem.
 The lichen touches you!
 You kill the lichen!
 You see here a lichen corpse.
 You hear a thud.
 You hear a jackal howling at the moon.
 You see here a lichen corpse.
 C - a lichen corpse.
 The werejackal changes into a human.
 You hit the werejackal.
 The werejackal hits!
 You hit the werejackal.
 The werejackal hits!
 You hit the werejackal.
 The werejackal changes into a jackal.
 The werejackal bites!
 You miss the werejackal.
 The werejackal bites!
 What do you want to wield? [- apquA or ?*] a
 You are already wielding that!
 What do you want to wield? [- apquA or ?*] p
 p - 11 arrows (wielded).
 The werejackal bites!
 You begin bashing monsters with your arrows.
 You miss the werejackal.
 The werejackal bites!
 What do you want to wield? [- apquA or ?*] q
 The flail welds itself to your dominant left hand!
 The werejackal bites!
 The werejackal bites!
 You feel feverish.
 You hear rumbling in the distance.
 The werejackal bites!
 The werejackal bites!
 You die...
 Do you want your possessions identified? [ynq] (y) y
 Do you want to see your attributes? [ynq] (y) y
 Do you want an account of creatures vanquished? [ynaq] (y) y
 Do you want to see your conduct and achievements? [ynq] (y) y
 Do you want to see the dungeon overview? [ynq] (y) y

Inventory:
 Coins    ('$')
  $ - 1567 gold pieces
 Weapons  (')')
  p - 11 +0 arrows
  u - a +0 boomerang
  a - a +0 scalpel
  A - a +0 spear
  q - a cursed +0 flail (weapon in left hand)
 Armor    ('[')
  b - an uncursed +1 pair of leather gloves (being worn)
 Comestibles  ('%')
  z - an uncursed food ration
  C - an uncursed lichen corpse
 Scrolls  ('?')
  r - an uncursed scroll of stinking cloud
 Spellbooks  ('+')
  j - a blessed spellbook of extra healing
  i - a blessed spellbook of healing
  k - a blessed spellbook of stone to flesh
 Potions  ('!')
  g - a blessed potion of extra healing
  f - 3 uncursed potions of extra healing
  d - a blessed potion of healing
  e - 3 uncursed potions of healing
  n - an uncursed potion of water
 Rings    ('=')
  m - a cursed -1 ring of increase accuracy
 Wands    ('/')
  h - a wand of sleep (0:7)
 Tools    ('(')
  c - an uncursed stethoscope
 Gems/Stones  ('*')
  B - an uncursed worthless piece of white glass
 Boulders/Statues  ('`')
  o - an empty uncursed statue of a newt

01245990302 the Healer's attributes:

Background:
 You were an Empiric, a level 3 male gnomish Healer.
 You were neutral, nominally on a mission for Hermes
 who was opposed by Athena (lawful) and Poseidon (chaotic).
 You were left-handed.
 You were in the Gnomish Mines, on level 4.
 You entered the dungeon 1559 turns ago.
 It was nighttime.
 You had 52 experience points, 28 more were needed to attain level 4.

Basics:
 You had 0 out of 32 hit points.
 You had all 24 energy points (spell power).
 Your armor class was 8.
 Your wallet contained 1567 zorkmids.
 Autopickup was off.

Final Characteristics:
 Your strength was 8 (limit:18/50).
 Your dexterity was 9 (limit:18).
 Your constitution was 17 (limit:18).
 Your intelligence was 9 (limit:19).
 Your wisdom was 16 (limit:18).
 Your charisma was 17 (limit:18).

Final Status:
 You weren't hungry.
 You were unencumbered.
 You were wielding a flail.
 You had no skill with flail.

Final Attributes:
 You were devoutly aligned.
 You were poison resistant.
 You were level-drain resistant.
 You had infravision.
 You were a werejackal.
 You were harmed by silver.
 You are dead.

Miscellaneous:
 You didn't encounter any bones levels.
 Total elapsed playing time was 41 minutes and 43 seconds.

Major events:
 Turn
    1: 01245990302 the neutral male gnomish Healer entered the dungeon
 1440: attained the rank of Empiric (level 3)
 1498: entered the Gnomish Mines
 1559: killed by a werejackal

Spells:
 Name                 Level Category     Fail Retention
 healing                1   healing        0%  91%-100%
 extra healing          3   healing        0%  91%-100%
 stone to flesh         3   healing        4%  91%-100%

Skills:
 Fighting Skills
   bare handed combat [Unskilled]
 Weapon Skills
   dagger             [Unskilled]
   knife              [Basic]
   short sword        [Unskilled]
   saber              [Unskilled]
   club               [Unskilled]
   mace               [Unskilled]
   quarterstaff       [Unskilled]
   polearms           [Unskilled]
   spear              [Unskilled]
   trident            [Unskilled]
   sling              [Unskilled]
   dart               [Unskilled]
   shuriken           [Unskilled]
   unicorn horn       [Unskilled]
 Spellcasting Skills
   healing spells     [Basic]

Voluntary challenges:
 Character rerolling was not enabled.
 You were an atheist.
 You were illiterate.
 You never genocided any monsters.
 You never polymorphed an object.
 You never changed form.
 You used no wishes.
Achievements:
 You attained the rank of Empiric.
 You entered the Gnomish Mines.

 The Dungeons of Doom: levels 1 to 3
    Level 1:
       A fountain.
    Level 2:
       A grave.
    Level 3:
       Some fountains.
       Stairs down to The Gnomish Mines.
 The Gnomish Mines:
    Level 4: <- You were here.
       Final resting place for
          you, killed by a werejackal.


Vanquished creatures:
  a dwarf zombie
  a wererat
  a hobbit
  a green mold
  3 jackals
  2 foxes
  a kobold
  2 grid bugs
  3 lichens
  2 kobold zombies
  8 newts
25 creatures vanquished.

No species were genocided or became extinct.

Game over:
                       ----------
                      /          \
                     /    REST    \
                    /      IN      \
                   /     PEACE      \
                  /                  \
                  |   01245990302    |
                  |     1567 Au      |
                  |   killed by a    |
                  |    werejackal    |
                  |                  |
                  |                  |
                  |       2026       |
                 *|     *  *  *      | *
        _________)/\\_//(\/(/\)/\//\/|_)_______

Goodbye 01245990302 the Healer...

You died in The Gnomish Mines on dungeon level 4 with 389 points,
and 1567 pieces of gold, after 1559 moves.
You were level 3 with a maximum of 32 hit points when you died.

